 Dungeon Crawl Stone Soup version 0.26.0-16-gc1dbca0489 (webtiles) character file.

Game seed: 9594914387529931720

2459 runemasterragnar the Fighter (level 9, -2/90 (97) HPs)
             Began as an Ogre Arcane Marksman on Jan 20, 2021.
             Was a Priest of Okawaru.
             Succumbed to an orc warrior's poison
             ... on level 7 of the Dungeon.
             The game lasted 00:17:29 (11762 turns).

runemasterragnar the Fighter (OgAM)                Turns: 11762, Time: 00:17:30

HP:   -2/90 (97)    AC:  7    Str: 17    XL:     9   Next: 50%
MP:   13/13         EV: 11    Int: 14    God:    Okawaru [***...]
Gold: 148           SH:  0    Dex:  9    Spells: 1/14 levels left

rFire    + . .     SeeInvis .   r - +5 war axe (freeze)
rCold    . . .     Faith    .   (no shield)
rNeg     . . .     Spirit   .   s - +2 robe {rF+}
rPois    .         Reflect  .   (helmet restricted)
rElec    .         Harm     .   (no cloak)
rCorr    .         Rampage  .   (gloves unavailable)
Will     .....                  (boots unavailable)
Stlth    +.........             (no amulet)
HPRegen  0.25/turn              (no ring)
MPRegen  0.13/turn              (no ring)

@: lethally poisoned (-2 -> -57), drained
A: large, unfitting armour, antennae 1, slimy green scales 1, tough skin 1, weak
1
a: Renounce Religion, Heroism


You were on level 7 of the Dungeon.
You worshipped Okawaru.
Okawaru was most pleased with you.
You visited 1 branch of the dungeon, and saw 7 of its levels.

You collected 335 gold pieces.
You spent 187 gold pieces at shops.

Inventory:

Hand Weapons
 b - a +0 hunting sling
 r - a +5 war axe of freezing (weapon)
Missiles
 c - 4 javelins
 d - a throwing net
 g - 175 stones
 h - 3 large rocks (quivered)
 j - 62 sling bullets
 k - 3 atropa-tipped darts
Armour
 s - a +2 robe of fire resistance (worn)
Wands
 a - a wand of acid (1)
 y - a wand of random effects (21)
Scrolls
 f - a scroll of fog
 m - 6 scrolls of teleportation
 p - 2 scrolls of immolation
 q - 9 scrolls of remove curse
 u - 2 scrolls of torment
 x - a scroll of blinking
 z - a scroll of fear
Potions
 e - 4 potions of flight
 i - a potion of degeneration
 l - a potion of might
 n - 2 potions of heal wounds
 t - a potion of haste
 w - a potion of curing


   Skills:
 + Level 8.3 Fighting
 + Level 6.2 Axes
 + Level 5.0 Throwing
 - Level 4.3 Dodging
 + Level 3.0 Spellcasting
 * Level 3.7 Hexes
 * Level 1.2 Translocations
 + Level 4.0 Invocations


You had one spell level left.
You knew the following spells:

 Your Spells              Type           Power        Failure   Level
a - Corona                Hex            13%          4%          1
b - Slow                  Hex            12%          7%          2
c - Portal Projectile     Hex/Tloc       18%          22%         3
d - Cause Fear            Hex            6%           41%         4
e - Apportation           Tloc           10%          13%         1
f - Blink                 Tloc           N/A          19%         2

Your spell library contained the following spells:

 Spells                   Type           Power        Failure   Level
 Animate Skeleton         Necr           4%           22%         1
 Magic Dart               Conj           8%           22%         1
 Summon Small Mammal      Summ           8%           22%         1
 Inner Flame              Hex/Fire       7%           30%         3
 Call Imp                 Summ           2%           32%         2
 Conjure Flame            Conj/Fire      2%           54%         3
 Mephitic Cloud           Conj/Pois/Air  2%           54%         3
 Leda's Liquefaction      Hex/Erth       3%           69%         4


Dungeon Overview and Level Annotations

Branches:
Dungeon (7/15)             Temple (0/1) D:6

Altars:
Ashenzari
Cheibriados
Elyvilon
Kikubaaqudgha
Makhleb
Okawaru
Sif Muna
Vehumet
Xom

Shops:
D:5 *:}   D:6 [   D:7 !*!

Annotations:
D:3 2 transporters, Myro's ghost, amateur PaHu


Innate Abilities, Weirdness & Mutations

You are too large for most types of armour.
You have tough skin. (AC +1)
You have a pair of small antennae on your head.
You are partially covered in slimy green scales. (AC +2)
You are weak. (Str -2)


Message History

The orc warrior is moderately wounded.
You slash the ogre! You freeze the ogre.
You feel sick. The orc warrior closely misses you. The ogre barely misses you.
You hit the ogre. You freeze the ogre.
The ogre is almost dead.
You hit the orc warrior but do no damage.
You feel very sick.
The orc warrior hits you with a +1 trident of venom!
You are lethally poisoned!
The ogre hits you with a +0 giant club!
* * * LOW HITPOINT WARNING * * *
You are too injured to fight recklessly!
Unknown command.
Unknown command.
* * * LOW HITPOINT WARNING * * *
You feel very sick.
The orc warrior hits you from afar with a +1 trident of venom!!
* * * LOW HITPOINT WARNING * * *
You are more poisoned.
You die...

###......... ...# #
###.........## ...##
............## #'.#
............# ≈..
#.. #...........# ≈[
#.. #oO......... ≈.
#.. #........... ≈
#.. ##..8.......#≈
#..
#..@..#.#)..'######.
#.8.∩.8.# #........#
###.<#######........
#.8#####....##....
#........######...
≈########......###
###.
......≈≈≈.....## ##
.....≈≈≈≈≈..###
.....≈≈∩...##


You could see an orc warrior and an ogre.

Vanquished Creatures
  Sigmund (D:2)
  Duvessa (D:4)
  3 ogres (D:5)
  A phantom (D:6)
  A sky beast (D:6)
  A centaur (D:4)
  2 bullfrogs
  A wyvern zombie (D:4)
  Dowan (D:4)
  3 scorpions
  5 wights (D:7)
  2 howler monkeys
  2 hounds
  4 orc priests
  5 orc wizards
  A centaur skeleton (D:6)
  4 bullfrog skeletons
  An iguana (D:5)
  Natasha (thrice) (D:2)
  5 worker ants
  A howler monkey skeleton (D:5)
  8 gnolls
  10 adders
  A shadow imp (D:5)
  2 oozes (D:1)
  An adder zombie (D:6)
  2 worms (D:3)
  A dart slug (D:3)
  3 leopard geckos
  32 orcs
  4 ball pythons
  3 bats
  8 giant cockroaches
  7 goblins
  8 hobgoblins
  4 jackals
  7 kobolds
  3 quokkas
  3 frilled lizards
  A jackal zombie (D:5)
  A quokka skeleton (D:4)
  7 rats
164 creatures vanquished.

Notes
Turn   | Place    | Note
-------+----------+-------------------------------------------
     0 | D:1      | runemasterragnar the Ogre Arcane Marksman began the quest
                  | for the Orb.
     0 | D:1      | Reached XP level 1. HP: 19/19 MP: 2/2
   263 | D:1      | Reached XP level 2. HP: 28/28 MP: 4/4
   444 | D:1      | Reached skill level 2 in Fighting
   566 | D:1      | Reached skill level 1 in Axes
   567 | D:1      | Reached XP level 3. HP: 12/35 MP: 5/5
  1437 | D:2      | Noticed Natasha
  1446 | D:2      | Killed Natasha
  1447 | D:2      | Reached XP level 4. HP: 7/44 MP: 4/6
  1755 | D:2      | Noticed Natasha
  1761 | D:2      | Killed Natasha
  1762 | D:2      | Reached skill level 3 in Fighting
  1816 | D:2      | Found a shimmering altar of Xom.
  1862 | D:2      | HP: 3/67 [poisoned by a worker ant]
  1863 | D:2      | Reached XP level 5. HP: 4/53 MP: 6/8
  1867 | D:2      | HP: 2/53 [poisoned by a worker ant]
  1922 | D:2      | Found a burning altar of Makhleb.
  2243 | D:2      | Noticed Sigmund
  2259 | D:2      | Killed Sigmund
  2260 | D:2      | Reached skill level 4 in Fighting
  2260 | D:2      | Reached XP level 6. HP: 28/62 MP: 9/9
  2553 | D:2      | Noticed Natasha
  2580 | D:2      | HP: 4/93 [white imp[Natasha] (2)]
  2581 | D:2      | Killed Natasha
  3527 | D:3      | Found an iron altar of Okawaru.
  3533 | D:3      | Became a worshipper of Warmaster Okawaru
  3540 | D:3      | Learned a level 2 spell: Slow
  3544 | D:3      | Learned a level 3 spell: Portal Projectile
  3549 | D:3      | Learned a level 4 spell: Cause Fear
  3554 | D:3      | Identified the +8 dire flail of Kitzar {vorpal, rElec
                  | Will++ Int+4}
  3555 | D:3      | Found a transporter.
  3555 | D:3      | Found a transporter.
  3556 | D:3      | Noticed Myro's ghost (amateur PaHu)
  4695 | D:4      | Reached XP level 7. HP: 27/71 MP: 11/11
  4706 | D:4      | Reached skill level 5 in Fighting
  5305 | D:4      | Reached skill level 1 in Invocations
  5424 | D:4      | Noticed a wyvern
  5431 | D:4      | Reached * piety under Okawaru
  5542 | D:4      | Noticed Duvessa
  5542 | D:4      | Noticed Dowan
  5555 | D:4      | Killed Dowan
  5558 | D:4      | Killed Duvessa
  5842 | D:4      | Found a broken altar of Ashenzari.
  5980 | D:4      | Learned a level 1 spell: Apportation
  6221 | D:4      | Reached XP level 8. HP: 80/83 MP: 12/12
  6584 | D:5      | Entered Level 5 of the Dungeon
  6597 | D:5      | Reached skill level 6 in Fighting
  7254 | D:5      | Found Ekluzoe's Assorted Antiques.
  7259 | D:5      | Reached ** piety under Okawaru
  7382 | D:5      | Found Uneam's Book Emporium.
  7465 | D:5      | Reached skill level 5 in Axes
  7712 | D:5      | Reached skill level 7 in Fighting
  8046 | D:5      | Found Xolin's Gadget Boutique.
  8669 | D:6      | Found Qezam's Antique Armour Shoppe.
  8701 | D:6      | Reached XP level 9. HP: 67/93 MP: 13/13
  8823 | D:6      | Found a staircase to the Ecumenical Temple.
  9726 | D:6      | Reached skill level 8 in Fighting
 10050 | D:6      | Found an ancient bone altar of Kikubaaqudgha.
 10114 | D:6      | Found a shimmering blue altar of Sif Muna.
 10234 | D:6      | Found a snail-covered altar of Cheibriados.
 10235 | D:6      | Found a white marble altar of Elyvilon.
 10237 | D:6      | Found a radiant altar of Vehumet.
 10353 | D:6      | Learned a level 2 spell: Blink
 10985 | D:7      | Found Nix Fucw's Distillery.
 10994 | D:7      | Bought a potion of degeneration for 11 gold pieces
 10994 | D:7      | Bought a potion of mutation for 88 gold pieces
 10994 | D:7      | Gained mutation: You are partially covered in slimy green
                  | scales. (AC +2) [potion of mutation]
 10994 | D:7      | Gained mutation: You are weak. (Str -2) [potion of
                  | mutation]
 10994 | D:7      | Gained mutation: You have a pair of small antennae on your
                  | head. [potion of mutation]
 11000 | D:7      | Bought a potion of heal wounds for 55 gold pieces
 11000 | D:7      | Bought a potion of curing for 33 gold pieces
 11304 | D:7      | Reached skill level 1 in Translocations
 11307 | D:7      | Reached *** piety under Okawaru
 11311 | D:7      | HP: 3/84 [wight/+5 war axe of freezing (3)]
 11729 | D:7      | Found Gugoipaz's Distillery.
 11731 | D:7      | Found Fimm's Assorted Antiques.
 11752 | D:7      | Reached skill level 5 in Throwing
 11761 | D:7      | HP: 1/90 [orc warrior/+1 trident of venom (18)]
 11762 | D:7      | Succumbed to an orc warrior's poison

Illustrated notes

Levels and vault maps discovered:
D:1:      dpeg_arrival_lava_temple_mockup, layout_basic
D:2:      layout_basic, nicolae_overflow_hidden_temple,
          lemuel_coloured_pillars_altar, uniq_natasha, uniq_sigmund
D:3:      layout_basic, gammafunk_ghost_smash, st_stairs_2,
          okawaru_metal_pillars_1_2
D:4:      layout_rooms, marbit_many_paths, kennysheep_cluttered_room,
          grunt_decor_resistance, lightli_corner_chamber, uniq_duvessa
D:5:      layout_loops_ring, serial_shops, shop, shop, shop
D:6:      layout_gridville, minitemple, temple_hall, serial_shops,
          nicolae_shop_window_shopping
D:7:      layout_layer_cave, serial_shops, nicolae_shop_statue_plus,
          kennysheep_mini_moat, nicolae_shop_waterfront, shop, serial_rivers,
          chequers_serial_rivers_micro_d, chequers_serial_rivers_large_b,
          chequers_serial_rivers_room_a, chequers_serial_rivers_small_b,
          chequers_serial_rivers_small_a, chequers_serial_rivers_micro_d

Skill      XL: |  1  2  3  4  5  6  7  8  9 |
---------------+----------------------------+-----
Fighting       | 2 3 4 5 7 8 |  8.3
Dodging        | 2 3 4 |  4.3
Axes           | 1 2 3 4 5 6 |  6.2
Hexes          | 3 |  3.7
Spellcasting   | 2 3 |  3.0
Throwing       | 3 4 5 |  5.0
Invocations    | 1 3 4 |  4.0
Translocations | 1 |  1.2

Action                   |  1- 3 |  4- 6 |  7- 9 || total
-------------------------+-------+-------+-------++-------
Melee: Hand axe          |    80 |   166 |     8 ||   254
       Scythe            |       |     4 |       ||     4
       Unarmed           |       |     3 |       ||     3
       War axe           |       |       |   342 ||   342
 Fire: Hunting sling     |       |       |    42 ||    42
Throw: Large rock        |     4 |    17 |     9 ||    30
       Throwing net      |       |     1 |       ||     1
       Javelin           |       |       |    26 ||    26
 Cast: Corona            |     4 |    21 |    19 ||    44
       Slow              |       |       |     4 ||     4
Invok: Heroism           |       |       |     1 ||     1
Evoke: Wand              |       |       |     9 ||     9
  Use: Potion            |       |     4 |     4 ||     8
       Scroll            |       |     3 |    11 ||    14
 Stab: Held in net/web   |       |     2 |       ||     2
Armor: Robe              |    38 |    43 |   114 ||   195
Dodge: Dodged            |    53 |   150 |   235 ||   438
